 Dungeon Crawl Stone Soup version 0.17-a0-417-gc4a8610 (webtiles) character file.

184 Kisielow the Conjurer (level 5, -4/28 HPs)
             Began as a Deep Elf Conjurer on Apr 3, 2015.
             Slain by a goliath beetle (13 damage)
             ... on level 6 of the Dungeon.
             The game lasted 00:13:18 (3077 turns).

Kisielow the Conjurer (Deep Elf Conjurer)           Turns: 3077, Time: 00:13:18

Health: -4/28      AC:  2    Str:  6    XL:     5   Next: 36%
Magic:  10/10      EV: 13    Int: 20    God:
Gold:   77         SH:  0    Dex: 15    Spells: 3 memorised, 2 levels left

rFire  . . .     SeeInvis .     d - +1 short sword (speed)
rCold  . . .     Clarity  .     a - +0 robe
rNeg   . . .     SustAb   .     (no shield)
rPois  .         Gourm    +     (no helmet)
rElec  .         Spirit   .     (no cloak)
rCorr  .         Warding  .     (no gloves)
rMut   .         Stasis   .     (no boots)
MR     .....                    l - amulet of the gourmand
Stlth  ++........               f - ring of wizardry
                                e - ring of flight

@: flying (expiring), not resistant to hostile enchantments, unstealthy
A: no striking features
a: Stop Flying


You were on level 6 of the Dungeon.
You were full.

You visited 1 branch of the dungeon, and saw 5 of its levels.

You collected 77 gold pieces.

Inventory:

Hand weapons
 d - a +1 short sword of speed (weapon)
Armour
 a - a +0 robe (worn)
Jewellery
 e - a ring of flight (left hand)
 f - a ring of wizardry (right hand)
 l - an amulet of the gourmand (around neck)
 m - an uncursed ring of protection from cold
Magical devices
 q - a wand of enslavement (1)
 r - a wand of enslavement (6)
Scrolls
 h - a scroll of random uselessness
Potions
 k - a potion of curing {unknown}
 n - a potion of heal wounds {unknown}
 p - a potion of resistance {unknown}
Books
 c - a book of Conjurations

   Spells                             Type                      Level
   a - Magic Dart                     Conjuration                  1
   b - Searing Ray                    Conjuration                  2
   c - Dazzling Spray                 Conjuration/Hexes            3
   d - Fulminant Prism                Conjuration/Hexes            4
   e - Iskenderun's Mystic Blast      Conjuration                  4
   f - Iskenderun's Battlesphere      Conjuration/Charms           5
Comestibles
 b - 3 bread rations
 i - a beef jerky
 j - a meat ration
 o - a royal jelly
 s - a chunk of flesh


   Skills:
 - Level 2.4 Dodging
 - Level 2.4 Stealth
 - Level 3.0 Spellcasting
 - Level 7.0 Conjurations
 * Level 2.6 Charms


You had 2 spell levels left.
You knew the following spells:

 Your Spells              Type           Power        Failure   Level  Hunger
a - Magic Dart            Conj           ####         1%          1    None
b - Searing Ray           Conj           ####..       1%          2    ##.....
c - Iskenderun's Battles  Conj/Chrm      ###.....     28%         5    ######.


Dungeon Overview and Level Annotations

Branches:
Dungeon (6/15)
 Temple: D:4-7

Altars:
Nemelex Xobeh
Ru


Message History

The bat barely misses you. The giant cockroach closely misses you.
You feel a wave of unholy energy pass over you.
The giant cockroach closely misses you. The orc hits you with a whip.
The orc barely misses you. The scorpion stings you!
* * * LOW HITPOINT WARNING * * *
The giant cockroach misses you. The bat hits you but does no damage.
The bat hits you but does no damage.
You hear some strange, mumbled words.
A goliath beetle comes into view.
The giant cockroach completely misses you.
The scorpion barely misses you. The giant cockroach closely misses you.
You are starting to lose your buoyancy.
The bat barely misses you. The goliath beetle barely misses you.
The bat hits you but does no damage. The bat closely misses you.
The bat hits you but does no damage.
The giant cockroach waves its antennae.
The goliath beetle bites you!
You die...

*,* *,,,* *,,,,* ****,,,*
*,*****,*** *,,,,*
#,,,,*,, *,**,,,,* *,,,,*
#.,****, *,**,**** ******
*#^####* ,,,,,* #....##
,,,,,* ***#... ,,,,,*
***** ##############...
,,,,**
*...######BZ..o...........
,,,,*
*........@bss.g.o.........
,,,,*
*<.....#################..
,,,,* *,..#*** #.. ,,,,*
*,,,* #.. ***** ***** ###


You could see a goliath beetle, a scorpion, 2 orcs, a giant cockroach, a
hobgoblin, a bat and a giant frog skeleton.

Vanquished Creatures
  Ijyb (D:2)
  Natasha (D:3)
  5 adders
  A giant mite (D:2)
  3 worms (D:2)
  An ooze (D:1)
  A ball python (D:1)
  5 bats
  2 giant cockroaches (D:1)
  10 goblins
  10 hobgoblins
  3 jackals (D:2)
  5 kobolds
  2 giant newts (D:1)
  12 rats
  A plant (D:2)
63 creatures vanquished.

Vanquished Creatures (others)
  A plant (D:2)
1 creature vanquished.

Grand Total: 64 creatures vanquished

Notes
Turn   | Place    | Note
--------------------------------------------------------------
     0 | D:1      | Kisielow, the Deep Elf Conjurer, began the quest for the Orb.
     0 | D:1      | Reached XP level 1. HP: 10/10 MP: 6/6
   198 | D:1      | Reached XP level 2. HP: 15/15 MP: 0/7
   271 | D:1      | Learned a level 2 spell: Searing Ray
   279 | D:1      | Reached skill level 5 in Conjurations
   664 | D:1      | Found a sparkling altar of Nemelex Xobeh.
  1108 | D:1      | Reached XP level 3. HP: 19/19 MP: 5/8
  1245 | D:2      | Found a sacrificial altar of Ru.
  1544 | D:2      | Reached skill level 6 in Conjurations
  1616 | D:2      | Noticed Ijyb
  1674 | D:2      | Killed Ijyb
  1674 | D:2      | Reached XP level 4. HP: 13/24 MP: 6/9
  2557 | D:2      | Reached skill level 7 in Conjurations
  2557 | D:2      | Reached XP level 5. HP: 26/28 MP: 4/10
  2585 | D:2      | Learned a level 5 spell: Iskenderun's Battlesphere
  2945 | D:3      | Noticed Natasha
  2950 | D:3      | Killed Natasha
  3053 | D:3      | You fall through a shaft for 3 floors!
  3077 | D:6      | Slain by a goliath beetle

Action                   |  1- 3 |  4- 6 || total
-------------------------+-------+-------++-------
Melee: Short sword       |    27 |    84 ||   111
 Cast: Magic Dart        |    87 |    48 ||   135
       Searing Ray       |     1 |     2 ||     3
 Abil: Evoke Flight      |       |     1 ||     1
  Use: Scroll            |       |     2 ||     2
  Eat: Chunk             |    14 |     6 ||    20
